 Dungeon Crawl Stone Soup version 0.21-a0-278-ga722497 (webtiles) character file.

12756 4thArraOfDagon the Cleaver (level 11, -3/78 HPs)
             Began as a Mummy Berserker on Sept 20, 2017.
             Was an Elder of Trog.
             Slain by an ogre
             ... wielding a +0 giant spiked club
              (28 damage)
             ... on level 1 of the Orcish Mines.
             The game lasted 00:32:46 (8701 turns).

4thArraOfDagon the Cleaver (Mummy Berserker)        Turns: 8701, Time: 00:32:47

Health: -3/78      AC: 10    Str: 20    XL:     11   Next: 66%
Magic:  3/3        EV: 13    Int:  7    God:    Trog [****..]
Gold:   595        SH:  0    Dex: 15    Spells: 10/10 levels left

rFire    . . .     SeeInvis .   F - +3 executioner's axe (antimagic)
rCold    + + .     Gourm    .   (shield currently unavailable)
rNeg     + + +     Faith    .   C - +0 troll leather armour
rPois    ∞         Spirit   .   u - +2 hat
rElec    .         Reflect  .   q - +1 cloak
rCorr    .         Harm     .   (no gloves)
MR       +....                  m - +0 pair of boots
Stlth    +.........             o - amulet of regeneration
HPRegen  1.03/turn              f - ring of protection from fire
MPRegen  0.08/turn              t - ring of protection from cold

@: no status effects
A: no food or potions, fire vulnerability, cold resistance 1, negative energy
resistance 3, torment resistance, unbreathing
a: Trog's Hand, Brothers in Arms, Burn Spellbooks, Renounce Religion


You were on level 1 of the Orcish Mines.
You worshipped Trog.
Trog was greatly pleased with you.
You were not hungry.

You visited 2 branches of the dungeon, and saw 13 of its levels.

You collected 595 gold pieces.

Inventory:

Hand Weapons
 l - a +2 dagger of venom
 B - a +4 scimitar of flaming
 E - a +3 battleaxe of chopping
 F - a +3 antimagic executioner's axe (weapon)
Missiles
 g - 6 javelins of penetration (quivered)
Armour
 k - a +0 helmet
 m - a +0 pair of boots (worn)
 q - a +1 cloak (worn)
 s - a +2 leather armour of fire resistance
 u - a +2 hat (worn)
 z - a +0 pair of boots
 C - a +0 troll leather armour (worn)
Magical Staves
 c - an uncursed staff of earth {unknown}
 x - an uncursed staff of wizardry {!a}
Jewellery
 f - a ring of protection from fire (left hand)
 i - an uncursed ring of flight
 o - an amulet of regeneration (around neck)
 t - a ring of protection from cold (right hand)
Wands
 a - a wand of lightning (10/15)
 r - a wand of flame (6/48)
 y - a wand of lightning (0/15)
 D - a wand of flame (20/48)
Scrolls
 b - 2 scrolls of amnesia
 d - 3 scrolls of identify
 e - 2 scrolls of blinking
 h - 6 scrolls of remove curse
 j - a scroll of recharging
 n - 5 scrolls of immolation
 p - a scroll of teleportation
 v - a scroll of fog
 w - 2 scrolls of magic mapping
 A - 3 scrolls of noise


   Skills:
 + Level 4.4 Fighting
 * Level 14.1 Axes
 + Level 5.3 Armour
 + Level 2.9 Dodging


You had 10 spell levels left.
You didn't know any spells.

Dungeon Overview and Level Annotations

Branches:
Dungeon (12/15)            Temple (0/1) D:5            Lair (0/6) D:8
    Orc (1/2) D:11

Altars:
Dithmenos
Nemelex Xobeh
Ru
Zin
The Shining One

Shops:
D:4 (   D:5 [

Annotations:
D:10 suvakkihuora's ghost, weakling FoCK


Innate Abilities, Weirdness & Mutations

You do not eat or drink.
Your flesh is vulnerable to fire.
You are immune to poison.
Your flesh is cold resistant. (rC+)
You are immune to negative energy. (rN+++)
You are immune to unholy pain and torment.
You can survive without breathing.


Message History

You swing at nothing.
Wield which item (- for none, * to show all)? (? for menu, Esc to quit)
You feel magic leave you.
F - a +3 antimagic executioner's axe (weapon)
You climb downwards.
Welcome back to the Orcish Mines!
The orc warrior hits you with a glaive!
The orc priest calls down the wrath of Beogh upon you.
Beogh smites you!
The orc warrior hits you from afar with a glaive!!
The ogre hits you but does no damage. The orc warrior barely misses you.
You hear a shout!
An orc comes into view. It is wielding a hand axe.
There is a staircase back to the Dungeon here.
You see here a tomahawk.
Unknown command.
Unknown command.
The orc warrior closely misses you.
The orc priest looks braver for a moment.
The ogre hits you with a giant spiked club!!
You die...

............$..
#........#..#..
...............
.......$....o..
...#...........
........o..$.o.
......oO.......
.......@>......
......o........
.#$....(..$....
....(..........
...............
.......(#......
......$....#.o.
###.#..........
#####........


You could see 2 orc warriors, an ogre, an orc priest, an orc wizard and 2 orcs.

Vanquished Creatures
  A hydra (D:11)
  Erica (D:11)
  Urug (D:11)
  The ghost of sergedm the Eclecticist, a journeyman DECj of Vehumet (D:11)
  Pikel (D:4)
  The ghost of tilp the Firebug, a novice HOFE of Okawaru (D:6)
  A cyclops (D:12)
  A centaur zombie (D:8)
  Maurice (D:9)
  A troll (D:9)
  A hippogriff (D:11)
  Grinder (D:4)
  A spriggan (D:7)
  A wraith (D:8)
  5 yaks
  A human (D:11)
  A wyvern (D:9)
  A hungry ghost (D:11)
  3 wargs (D:11)
  A porcupine (D:8)
  5 orc warriors
  3 ice beasts
  4 black bears (D:8)
  4 phantoms
  3 sky beasts
  A necrophage (D:5)
  5 ogres
  2 centaurs
  5 crocodiles
  5 bullfrogs
  A gnoll sergeant (D:6)
  A water moccasin zombie (D:7)
  5 scorpions
  7 howler monkeys
  A jelly (D:9)
  9 crimson imps
  5 hounds
  6 orc priests
  2 centaur skeletons
  A bullfrog skeleton (D:7)
  A gnoll shaman (D:5)
  14 orc wizards
  Ijyb (D:5)
  2 iguanas
  7 worker ants
  A hound zombie (D:6)
  3 hound skeletons
  2 worker ant zombies
  12 adders
  19 gnolls
  3 shadow imps
  2 oozes (D:4)
  An adder zombie (D:8)
  An adder skeleton (D:8)
  The ghost of suvakkihuora the Skirmisher, a weakling FoCK of Xom (D:11)
  2 dart slugs
  5 leopard geckos
  46 orcs
  8 bats
  4 giant cockroaches
  8 goblins
  5 hobgoblins
  10 jackals
  2 quokkas
  4 ball pythons
  2 frilled lizards
  A jackal zombie (D:5)
  8 kobolds
  A leopard gecko skeleton (D:5)
  A quokka skeleton (D:5)
  6 rats
  2 fungi (D:8)
286 creatures vanquished.

Vanquished Creatures (others)
  13 fungi (D:8)
13 creatures vanquished.

Grand Total: 299 creatures vanquished

Notes
Turn   | Place    | Note
-------+----------+-------------------------------------------
     0 | D:1      | 4thArraOfDagon the Mummy Berserker began the quest for the Orb.
     0 | D:1      | Reached XP level 1. HP: 18/18 MP: 1/1
   359 | D:1      | Reached XP level 2. HP: 23/24 MP: 2/2
   815 | D:2      | Reached ** piety under Trog
   947 | D:2      | Reached XP level 3. HP: 21/29 MP: 3/3
   950 | D:2      | Reached skill level 3 in Axes
  1113 | D:2      | Found a sparkling altar of Nemelex Xobeh.
  1308 | D:2      | Reached XP level 4. HP: 23/35 MP: 4/4
  1749 | D:3      | Reached *** piety under Trog
  1801 | D:3      | Thaneod: !lg Thaneod
  1809 | D:3      | beem: 192. Thaneod the Conqueror (L27 MiFi of The Shining One), blasted by an orb of fire (fireball) on Zot:3 (kennysheep_ambush_hall) on 2017-09-20 10:58:17, with 649535 points after 63137 turns and 3:11:02.
  1837 | D:3      | 4thArraOfDagon: oh
  1842 | D:3      | Thaneod: zrobie sobie tygodniowa przerwe
  1858 | D:3      | Reached XP level 5. HP: 41/41 MP: 5/5
  1865 | D:3      | 4thArraOfDagon: za duzo taba? :)
  2318 | D:4      | Reached skill level 4 in Axes
  2376 | D:4      | Noticed Grinder
  2536 | D:4      | Noticed Pikel
  2536 | D:4      | Noticed a slave
  2536 | D:4      | Noticed a slave
  2537 | D:4      | Noticed a slave
  2554 | D:4      | Noticed a slave
  2570 | D:4      | Killed Pikel
  2570 | D:4      | Reached skill level 5 in Axes
  2570 | D:4      | Reached XP level 6. HP: 37/47 MP: 6/6
  2570 | D:4      | Reached XP level 7. HP: 41/52 MP: 7/7
  2630 | D:4      | Killed Grinder
  2630 | D:4      | Reached skill level 6 in Axes
  2849 | D:4      | Found Koahuir's Antique Weapon Boutique.
  2947 | D:4      | Reached XP level 8. HP: 56/58 MP: 8/8
  3142 | D:5      | Entered Level 5 of the Dungeon
  3157 | D:5      | Found Maacoonu's Armour Emporium.
  3164 | D:5      | Found a glowing silver altar of Zin.
  3248 | D:5      | Found a staircase to the Ecumenical Temple.
  3287 | D:5      | Reached skill level 7 in Axes
  3385 | D:5      | Reached **** piety under Trog
  3385 | D:5      | Reached skill level 5 in Armour
  3419 | D:5      | Noticed Ijyb
  3446 | D:5      | Killed Ijyb
  3644 | D:5      | Found a sacrificial altar of Ru.
  3652 | D:5      | Found a shadowy altar of Dithmenos.
  3654 | D:5      | Found a glowing golden altar of the Shining One.
  3888 | D:6      | Noticed tilp's ghost (novice HOFE)
  3956 | D:6      | Reached skill level 8 in Axes
  4185 | D:6      | Thaneod: epilepsji mozna dostac jak tak ciagle czerwony erkan
  4195 | D:6      | Thaneod: ekran
  4273 | D:7      | 4thArraOfDagon: no, wkurza
  4317 | D:7      | Rhok: those melee mummys <3
  4353 | D:7      | Reached XP level 9. HP: 60/63 MP: 9/9
  4447 | D:7      | Rhok: !glaciate p0werm0de
  4449 | D:7      | beem: Rhok points at p0werm0de and mumbles some strange words. Rhok conjures a mighty blast of ice! The great icy blast engulfs p0werm0de!
  4457 | D:7      | Reached skill level 9 in Axes
  4476 | D:7      | p0werm0de: heyo
  4521 | D:7      | Rhok: o/
  4650 | D:7      | You fall through a shaft!
  4650 | D:8      | Found a staircase to the Lair.
  4687 | D:9      | Noticed a troll
  4694 | D:9      | Killed a troll
  4902 | D:9      | Noticed Maurice
  5076 | D:8      | Reached skill level 10 in Axes
  5187 | D:10     | Entered Level 10 of the Dungeon
  5217 | D:12     | Noticed a two-headed ogre
  5265 | D:11     | Found a shadowy altar of Dithmenos.
  5467 | D:11     | Noticed Erica
  5480 | D:11     | Reached ***** piety under Trog
  5523 | D:11     | Reached XP level 10. HP: 71/71 MP: 10/10
  5615 | D:10     | Reached skill level 11 in Axes
  5634 | D:10     | Noticed suvakkihuora's ghost (weakling FoCK)
  6011 | D:9      | Killed Maurice
  6201 | D:10     | Got a warped trident
  6205 | D:10     | Identified the cursed +1 trident "Ropuibb" {freeze, rElec Int+3} (You found it on level 10 of the Dungeon)
  6228 | D:11     | Noticed Urug
  6244 | D:11     | Noticed sergedm's ghost (journeyman DECj)
  6479 | D:8      | Received a gift from Trog
  6544 | D:7      | Reached skill level 12 in Axes
  6614 | D:7      | Thaneod: hola
  7162 | D:6      | Killed tilp's ghost
  7162 | D:6      | Reached XP level 11. HP: 58/77 MP: 3/11
  7302 | D:7      | Reached skill level 13 in Axes
  7632 | D:11     | Noticed suvakkihuora's ghost (weakling FoCK)
  7674 | D:12     | Noticed a seven-headed hydra
  7810 | D:11     | Killed sergedm's ghost
  7950 | D:11     | Killed suvakkihuora's ghost
  8016 | D:11     | Noticed a five-headed hydra
  8204 | D:11     | Killed Erica
  8290 | D:11     | Found a staircase to the Orcish Mines.
  8384 | D:11     | Killed a one-headed hydra
  8384 | D:11     | Reached skill level 14 in Axes
  8492 | D:11     | Killed Urug
  8627 | Orc:1    | Entered Level 1 of the Orcish Mines
  8701 | Orc:1    | Slain by an ogre

Vault maps used:
D:1:      dpeg_arrival_lava_temple_mockup, minmay_pentomino_z2
D:2:      nemelex_spade_bored_becter
D:4:      serial_shops, nicolae_shop_waterfront, uniq_grinder, uniq_pikel
D:5:      grunt_temple_overflow_open, minmay_temple_entry_statues_pillars,
          serial_shops, nicolae_shop_behind_doors, first_bread, kennysheep_dice,
          uniq_ijyb
D:6:      lemuel_statue_altar
D:8:      due_lair_maze_entry_diamond, the_bakery
D:9:      uniq_maurice
D:11:     erik_orc_4, nicolae_dithmenos_the_darkroom, uniq_urug, uniq_erica
D:12:     nicolae_gozag_cash_rules_everything_around_me, uniq_josephine
Orc:1:    serial_shops, nicolae_shop_window_shopping, basic_altar

Skill      XL: |  1  2  3  4  5  6  7  8  9 10 11 |
---------------+----------------------------------+-----
Armour         | 2 4 5 |  5.3
Axes           | 3 5 6 8 10 12 14 | 14.1
Dodging        | 2 |  2.9
Fighting       | 4 |  4.4

Action                   |  1- 3 |  4- 6 |  7- 9 | 10-12 || total
-------------------------+-------+-------+-------+-------++-------
Melee: Hand axe          |   127 |       |       |       ||   127
       Dagger            |     5 |   112 |   425 |   110 ||   652
       War axe           |       |       |   176 |    66 ||   242
       Executioner's axe |       |       |       |   320 ||   320
       Scimitar          |       |       |       |     8 ||     8
Invok: Trog's Hand       |     1 |     1 |     7 |     8 ||    17
Evoke: Wand              |       |       |     6 |     1 ||     7
  Use: Scroll            |       |     6 |     7 |     4 ||    17
Armor: Animal skin       |    23 |       |       |       ||    23
       Ring mail         |    25 |    28 |    53 |       ||   106
       Leather armour    |       |       |   115 |       ||   115
       Troll leather arm |       |       |    52 |   226 ||   278
Dodge: Dodged            |   120 |    66 |   331 |   376 ||   893

Table legend:
 A = Spawn XP
 B = Non-spawn XP
 C = Spawn XP percentage of total XP
 D = Spawn monster count
 E = Non-spawn monster count
 F = Spawn count percentage of total count
 G = Total turns spent on level
                    A         B        C        D         E        F      G
               +---------+---------+-------+---------+---------+-------+---------
         Total |       0 |   18223 |   0.0 |       0 |     284 |   0.0 |  8701
               +---------+---------+-------+---------+---------+-------+---------
           D:1 |       0 |      21 |   0.0 |       0 |      13 |   0.0 |   786
           D:2 |       0 |     126 |   0.0 |       0 |      33 |   0.0 |   885
           D:3 |       0 |      99 |   0.0 |       0 |      19 |   0.0 |   687
           D:4 |       0 |    1183 |   0.0 |       0 |      20 |   0.0 |   784
           D:5 |       0 |     787 |   0.0 |       0 |      18 |   0.0 |   695
           D:6 |       0 |    1291 |   0.0 |       0 |      23 |   0.0 |   607
           D:7 |       0 |    1434 |   0.0 |       0 |      35 |   0.0 |   555
           D:8 |       0 |    2819 |   0.0 |       0 |      38 |   0.0 |   748
           D:9 |       0 |    1582 |   0.0 |       0 |      14 |   0.0 |   886
          D:10 |       0 |     762 |   0.0 |       0 |      10 |   0.0 |   487
          D:11 |       0 |    7375 |   0.0 |       0 |      54 |   0.0 |  1463
          D:12 |       0 |     602 |   0.0 |       0 |       3 |   0.0 |    92
         Orc:1 |       0 |     142 |   0.0 |       0 |       4 |   0.0 |    26
               +---------+---------+-------+---------+---------+-------+---------
